 Dungeon Crawl Stone Soup version 0.31-a0-7-g51783674b7 (webtiles) character file.

Game seed: 11465231647484175750

227 strifetoe the Spear-Bearer (level 6, -5/46 HPs)
             Began as a Merfolk Gladiator on May 6, 2023.
             Slain by a gnoll
             ... wielding a +0 spear
              (6 damage)
             ... on level 4 of the Dungeon.
             The game lasted 00:04:57 (2970 turns).

strifetoe the Spear-Bearer (Merfolk Gladiator)      Turns: 2970, Time: 00:04:58

Health: -5/46      AC: 12    Str: 17    XL:     6   Next: 2%
Magic:  6/6        EV:  6    Int:  7    God:
Gold:   165        SH:  0    Dex: 15    Spells: 5/5 levels left

rFire   . . .        a - +0 trident
rCold   . . .        (no shield)
rNeg    . . .        f - +0 plate armour
rPois   .            c - +0 helmet
rElec   .            p - scarf {shadows}
rCorr   .            j - +0 pair of gloves
SInv    .            (no boots)
Will    .....        (no amulet) Stlth
                     (no ring)
HPRegen 0.27/turn    (no ring)
MPRegen 0.10/turn

%: no passive effects
@: mighty, studying Polearms
A: (nimble swimmer 2), mertail
a: no special abilities


You were on level 4 of the Dungeon.
You visited 1 branch of the dungeon, and saw 4 of its levels.

You collected 165 gold pieces.

Inventory:

Hand Weapons
 a - a +0 trident (weapon)
Missiles
 d - 4 throwing nets (quivered)
 e - a javelin
Armour
 c - a +0 helmet (worn)
 f - a +0 plate armour (worn)
 j - a +0 pair of gloves (worn)
 p - a scarf of shadows (worn)
Scrolls
 b - a scroll of brand weapon {unknown}
 g - 2 scrolls of identify {unknown}
 h - a scroll of enchant armour {unknown}
 i - 2 scrolls of teleportation {unknown}
 l - 3 scrolls of fog
Potions
 k - 2 potions of brilliance
 q - a potion of lignification {unknown}


   Skills:
 + Level 2.5 Fighting
 + Level 8.6 Polearms
 - Level 2.0 Throwing
 - Level 4.0 Dodging


You had 5 spell levels left.
You didn't know any spells.
Your spell library was empty.

Dungeon Overview and Level Annotations

Branches:
Dungeon (4/15)
 Temple: D:4-7

Altars:
Qazlal
Uskayaw


Innate Abilities, Weirdness & Mutations

((You are very nimble when in or above water. (Stealth+, EV+, Speed+++)))
Your lower body shifts to a powerful aquatic tail in water.


Message History

You barely miss the gnoll.
The gnoll is moderately wounded.
The gnoll barely misses you.
You closely miss the gnoll.
The gnoll is moderately wounded.
The gnoll hits you but does no damage.
You hit the gnoll.
The gnoll is moderately wounded.
The gnoll hits you with a +0 flail!
You puncture the gnoll!
The gnoll is almost dead.
You hit the gnoll.
You kill the gnoll!
You have reached level 6!
You hit the gnoll but do no damage. The gnoll hits you with a +0 flail!
The gnoll hits you but does no damage.
You closely miss the gnoll. The gnoll hits you with a +0 flail!
The gnoll hits you but does no damage.
You barely miss the gnoll. The gnoll hits you but does no damage.
The gnoll hits you from afar with a +0 spear.
* * * LOW HITPOINT WARNING * * *
Unknown command.
The gnoll attacks as you move away! The gnoll barely misses you.
The gnoll attacks as you move away! The gnoll hits you with a +0 flail.
* * * LOW HITPOINT WARNING * * *
The gnoll attacks as you move away! The gnoll hits you but does no damage.
The gnoll attacks as you move away! The gnoll barely misses you.
The gnoll attacks as you move away! The gnoll hits you with a +0 flail!
* * * LOW HITPOINT WARNING * * *
The gnoll attacks as you move away! The gnoll hits you but does no damage.
The gnoll attacks as you move away! The gnoll hits you but does no damage.
The gnoll attacks as you move away! The gnoll hits you but does no damage.
The gnoll attacks as you move away! The gnoll hits you with a +0 flail.
* * * LOW HITPOINT WARNING * * *
It was a potion of might.
You feel very mighty all of a sudden. The gnoll hits you with a +0 flail.
* * * LOW HITPOINT WARNING * * *
The gnoll hits you from afar with a +0 spear.
You die...

.# .. #.########)# ##.#
#......#.... ...#
#########.#.#.# #########
#.......#.#.#.# ..).....#
#.#####.#.# #.# #######.#
#.#####'#'#.#.# #.#
#.....).....#.#
###.###########...........#.#
#.........gg@.............+ +
#.#.############..........# #
#.#............'..........+..
#.#..###########..........#.#
#.#..# ############. #.#..# #
#.#..# . #..# . ####


You could see 2 gnolls.

Vanquished Creatures
  5 gnolls
  8 adders
  A dart slug (D:1)
  2 worms (D:2)
  7 orcs
  6 endoplasms
  5 giant cockroaches
  12 goblins
  5 hobgoblins
  5 jackals
  6 kobolds
  3 quokkas
  8 ball pythons
  8 bats
  2 frilled lizards
  8 rats
91 creatures vanquished.

Notes
Turn   | Place    | Note
-------+----------+-------------------------------------------
     0 | D:1      | strifetoe the Merfolk Gladiator began the quest for the
                  | Orb.
     0 | D:1      | Reached XP level 1. HP: 16/16 MP: 1/1
    67 | D:1      | Found a faded altar of an unknown god.
    95 | D:1      | Reached XP level 2. HP: 22/22 MP: 2/2
   188 | D:1      | Reached skill level 5 in Polearms
   375 | D:1      | Reached XP level 3. HP: 15/27 MP: 3/3
  1015 | D:2      | Reached skill level 6 in Polearms
  1176 | D:2      | Reached XP level 4. HP: 33/33 MP: 4/4
  1295 | D:2      | HP: 1/33 [poisoned by an adder]
  1494 | D:2      | Reached skill level 7 in Polearms
  1985 | D:3      | Reached XP level 5. HP: 38/38 MP: 5/5
  2270 | D:3      | Found a stormy altar of Qazlal.
  2415 | D:2      | Reached skill level 8 in Polearms
  2630 | D:3      | Found a hide-covered altar of Uskayaw.
  2791 | D:3      | Identified a scroll of acquirement
  2791 | D:3      | Acquired a manual of Polearms
  2952 | D:4      | Reached XP level 6. HP: 28/46 MP: 6/6
  2967 | D:4      | HP: 2/46 [gnoll/+0 flail (3)]
  2970 | D:4      | Slain by a gnoll

Illustrated notes

Levels and vault maps discovered:
D:1:      lightli_arrival_windingriver, layout_loops_ring,
          basic_ecumenical_altar
D:2:      minmay_razor_zed, layout_loops_cross, chequers_serial_rivers_micro_a
D:3:      layout_rooms, mainiacjoe_overflow_alcove_4,
          nicolae_qazlal_general_emergency
D:4:      cheibrodos_pilgrimage, layout_basic, hangedman_ru_absence,
          lemuel_round_altar

Skill      XL: |  1  2  3  4  5 |
---------------+----------------+-----
Polearms       | 5 6 7 8 |  8.6
Fighting       | |  2.5
Throwing       | |  2.0
Dodging        | |  4.0

Action                     |  1- 3 |  4- 6 || total
---------------------------+-------+-------++-------
  Melee: Trident           |   136 |   193 ||   329
         Punch             |     2 |     1 ||     3
    Use: Potion            |       |     4 ||     4
         Scroll            |       |     7 ||     7
   Stab: Sleeping          |     2 |       ||     2
 Armour: Leather armour    |    19 |       ||    19
         Plate armour      |    30 |   134 ||   164
  Dodge: Dodged            |    56 |    65 ||   121

Table legend: (Time is in decaauts)
 A = Elapsed time spent in this place.
 B = Non-inter-level travel time spent in this place.
 C = Inter-level travel time spent in this place.
 D = Time resting spent in this place.
 E = Time spent auto-exploring this place.
 F = Levels seen in this place.
 G = Mean time per level.
                   A        B        C        D        E       F      G
               +--------+--------+--------+--------+--------+-----+--------+
         Total |   2955 |   2828 |    127 |    204 |   1986 |   4 |  738.8 |
       Dungeon |   2955 |   2828 |    127 |    204 |   1986 |   4 |  738.8 |
               +--------+--------+--------+--------+--------+-----+--------+

Top non-repeatable levels by time:
     D:2: 1190 daAuts
     D:1: 890 daAuts
     D:3: 718 daAuts
     D:4: 156 daAuts
